[Event "Titled Tuesday Blitz May 16 Early 2023"]
[White "Devaev, Alexander"]
[Black "Bartel, Michal"]
[WhiteFideId "4169395"]
[BlackFideId "1119257"]
[WhiteElo "2172"]
[BlackElo "2282"]
[Result "1-0"]
[Round "03"]
[TimeControl "180+2"]
[Date "2023.05.16"]
[WhiteClock "0:00:26"]
[BlackClock "0:01:18"]

1. Nf3 g6 2. d4 Bg7 3. c4 c5 4. d5 e6 5. e4 exd5 6. cxd5 d6 7. Nc3 Nf6 8. h3 O-O 9. Bd3 Re8 10. O-O c4 11. Bc2 b5 12. a3 a6 13. Re1 Nbd7 14. Bf4 Qb6 15. Qd2 Bb7 16. Rad1 Rad8 17. Be3 Nc5 18. Bd4 Qc7 19. g4 Nfd7 20. Bxg7 Kxg7 21. Re3 Ne5 22. Ne1 Ncd3 23. Nxd3 cxd3 24. Bxd3 Qb6 25. Be2 Rc8 26. Kg2 g5 27. h4 h6 28. Rh1 Ng6 29. hxg5 hxg5 30. Kg1 Nf4 31. Bf1 Rh8 32. Rxh8 Rxh8 33. Ne2 Ng6 34. Qd4+ Qxd4 35. Nxd4 Ne5 36. Nf5+ Kg6 37. Nxd6 Ba8 38. f3 Rd8 39. Nf5 Kf6 40. Rc3 Bb7 41. Rc7 Bc8 42. Nd4 Bd7 43. Be2 Rb8 44. Ra7 b4 45. Rxa6+ Kg7 46. a4 b3 47. Bb5 Rc8 48. Bxd7 Rc1+ 49. Kf2 Nxd7 50. Nxb3 Rb1 51. Nd4 Rxb2+ 52. Ke3 Ra2 53. Ne6+ fxe6 54. Ra7 Ra3+ 55. Kf2 Kf6 56. Rxd7 exd5 57. Rd6+ Kf7 58. Rxd5 Kf6 59. a5 Ra2+ 60. Ke3 Ra4 61. Rf5+ Kg6 62. Kd3 Kh6 63. Kc3 Kg6 64. Kb3 Ra1 65. Kb4 Rb1+ 66. Kc5 Rc1+ 67. Kb6 Rb1+ 68. Rb5 Rd1 69. a6 Ra1 70. a7 Rxa7 71. Kxa7 Kf6 72. Rf5+ Kg6 73. Kb6 Kh6 74. Kc5 Kg6 75. Kd5 Kh6 76. Ke6 Kg6 77. e5 Kh6 78. Kf6 Kh7 79. Rxg5 Kh8 80. Kf7 Kh7 81. Rh5# 1-0


[Site "https://www.chess.com"]

[Event "Titled Tuesday Blitz May 16 Early 2023"]
[White "vlajkovicS"]
[Black "Bagrationi, Alexander"]
[BlackFideId "14104954"]
[WhiteElo "2602"]
[BlackElo "2398"]
[Result "1/2-1/2"]
[Round "03"]
[TimeControl "180+2"]
[Date "2023.05.16"]
[WhiteClock "0:00:53"]
[BlackClock "0:01:39"]

1. Nf3 d5 2. b3 c5 3. Bb2 Nc6 4. g3 a6 5. Bg2 Nf6 6. O-O Bg4 7. d3 e6 8. Nbd2 Be7 9. e4 dxe4 10. dxe4 Qc7 11. h3 Bxf3 12. Nxf3 Nxe4 13. Bxg7 Rg8 14. Bb2 Nxg3 15. fxg3 Qxg3 16. Qe2 Qxh3 17. Ne5 Nxe5 18. Bxe5 O-O-O 19. Rxf7 Rxg2+ 20. Qxg2 Qe3+ 21. Kh1 Qxe5 22. Raf1 Rd7 23. Rxh7 Bd6 24. Rxd7 Qh5+ 25. Kg1 Kxd7 26. Qxb7+ Bc7 27. Qg2 c4 28. Qd2+ Kc6 29. Qg2+ Kd7 30. Qg7+ Kc6 31. Qg2+ Kd7 1/2-1/2


[Site "https://www.chess.com"]

[Event "Titled Tuesday Blitz May 16 Early 2023"]
[White "Grossboss19"]
[Black "Piesik, Piotr"]
[BlackFideId "1136194"]
[WhiteElo "2440"]
[BlackElo "2299"]
[Result "1/2-1/2"]
[Round "03"]
[TimeControl "180+2"]
[Date "2023.05.16"]
[WhiteClock "0:00:06"]
[BlackClock "0:00:07"]

1. Nf3 g6 2. h4 h5 3. d4 d5 4. c3 Nh6 5. Bf4 Nf5 6. e3 Bg7 7. Nbd2 c6 8. Bd3 Nd6 9. e4 Nxe4 10. Nxe4 dxe4 11. Bxe4 Nd7 12. Ng5 Nf6 13. Bd3 Nd5 14. Bg3 Bf5 15. Bxf5 gxf5 16. Qf3 e6 17. O-O Qf6 18. Be5 Qg6 19. Bxg7 Qxg7 20. a4 O-O-O 21. a5 a6 22. Rfd1 Nc7 23. Qe2 Rd6 24. Rd3 f6 25. Nh3 Qg4 26. Re1 Qxh4 27. Rg3 Re8 28. Qf3 Rd7 29. Rg6 Nd5 30. Rh6 Qg4 31. Rxh5 Qxf3 32. gxf3 Rg7+ 33. Kf1 Kd7 34. c4 Nc7 35. Nf4 e5 36. dxe5 fxe5 37. Nd3 e4 38. fxe4 fxe4 39. Nc5+ Kc8 40. Rxe4 Rxe4 41. Nxe4 Ne6 42. Nd6+ Kb8 43. Rh8+ Ka7 44. Nc8+ Kb8 45. b4 Kc7 46. Nb6 Nd8 47. Rh5 Nf7 48. c5 Kd8 49. Ke2 Ke7 50. Rh3 Ne5 51. Rh8 Rg4 52. Rb8 Rxb4 53. Rxb7+ Ke6 54. Ra7 Rb5 55. Rxa6 Rxc5 56. Ra8 Rc2+ 57. Ke3 Ra2 58. f4 Ra3+ 59. Ke4 Nd3 60. a6 Nc5+ 61. Kd4 Nxa6 62. Re8+ Kf7 63. Re4 Nc7 64. Nc4 Ra4 65. Kc5 Ne6+ 66. Kxc6 Kf6 67. Kb5 Ra1 68. Kc6 Ra6+ 69. Kb5 Ra1 70. Nb6 Rb1+ 71. Kc6 Rc1+ 72. Kd6 Rd1+ 73. Nd5+ Rxd5+ 74. Kxd5 Ng7 75. Re5 Nf5 76. Ke4 Nd6+ 77. Kf3 Nf7 78. Rd5 Kg6 79. Ra5 Kf6 80. Kg4 Nh6+ 81. Kf3 Nf7 82. Ra6+ Kf5 83. Ra7 Kf6 84. Ke4 Nd6+ 85. Kd5 Nf7 86. Rd7 Nh6 87. Ke4 Nf7 88. Rd2 Ke6 89. Kf3 Kf6 90. Rh2 Kf5 91. Rh5+ Kg6 92. Rh2 Kf5 93. Ke3 Kf6 94. Ke4 Nd6+ 95. Kf3 Nf7 96. Kg3 Kf5 97. Rg2 Kf6 98. Kf3 Nd6 99. Rg8 Nf7 100. Rf8 Ke7 101. Ra8 Kf6 102. Ra6+ Kf5 103. Ra5+ Kf6 1/2-1/2


[Site "https://www.chess.com"]

[Event "Titled Tuesday Blitz May 16 Early 2023"]
[White "Sourath Biswas"]
[Black "Cezila Jr, Rubens"]
[WhiteFideId "35091484"]
[BlackFideId "2116723"]
[WhiteElo "2171"]
[BlackElo "2214"]
[Result "0-1"]
[Round "03"]
[TimeControl "180+2"]
[Date "2023.05.16"]
[WhiteClock "0:00:02"]
[BlackClock "0:00:08"]

1. Nf3 Nf6 2. c4 g6 3. b3 Bg7 4. Bb2 O-O 5. g3 a5 6. Bg2 a4 7. O-O d6 8. d3 axb3 9. axb3 Rxa1 10. Bxa1 Nc6 11. Bc3 e5 12. b4 Bg4 13. b5 Ne7 14. h3 Bd7 15. Nbd2 Qc8 16. Qb3 Bxh3 17. c5 Ned5 18. Bb2 Qg4 19. Nh2 Qxe2 20. Bxh3 Qxd2 21. Bg2 Ne7 22. Bxb7 Rb8 23. Bg2 Qa5 24. cxd6 cxd6 25. Ra1 Qxb5 26. Qxb5 Rxb5 27. Ra8+ Bf8 28. Ba3 Rb6 29. Nf3 Kg7 30. Nd2 Nf5 31. Nc4 Rb3 32. g4 Nxg4 33. Bd5 Rxd3 34. Be4 Rd4 35. Bxf5 gxf5 36. Nb6 Rd1+ 37. Kg2 Rd2 38. Nc4 Rxf2+ 39. Kg1 Ra2 40. Kf1 h5 41. Ra7 h4 42. Nb2 h3 43. Kg1 Ra1+ 44. Nd1 Rxd1# 0-1


[Site "https://www.chess.com"]

[Event "Titled Tuesday Blitz May 16 Early 2023"]
[White "Vovk, Orest"]
[Black "RobertDowneyJr0111"]
[WhiteFideId "14113490"]
[WhiteElo "2215"]
[BlackElo "2600"]
[Result "0-1"]
[Round "03"]
[TimeControl "180+2"]
[Date "2023.05.16"]
[WhiteClock "0:00:08"]
[BlackClock "0:00:10"]

1. h4 e5 2. h5 d5 3. h6 Nxh6 4. d4 Nf5 5. dxe5 Nc6 6. e4 dxe4 7. Qxd8+ Nxd8 8. Nc3 Bb4 9. Bd2 Nc6 10. Bb5 Bd7 11. O-O-O O-O-O 12. Nxe4 Bxd2+ 13. Rxd2 Nxe5 14. Bxd7+ Rxd7 15. Rxd7 Nxd7 16. Ng5 f6 17. Rxh7 Rxh7 18. Nxh7 Kd8 19. g4 Nd6 20. g5 Ke7 21. Nf3 Kf7 22. Nh4 Ne5 23. f4 Ng6 24. Nxg6 Kxg6 25. Nf8+ Kf5 26. gxf6 gxf6 27. Nd7 Ne4 28. Kd1 Kxf4 29. Ke2 f5 30. Nf8 Kg3 31. Ke3 f4+ 32. Kxe4 f3 33. Ne6 f2 34. Nxc7 f1=Q 35. Nd5 Qc4+ 36. Ke5 Qxc2 37. b4 Qc4 38. a4 b6 39. Kd6 Kf3 40. Ke5 Qb3 41. Kd4 Qxa4 42. Kc4 a5 43. Nc3 Qxb4+ 44. Kd3 Qb3 45. Kd4 a4 46. Ne4 Qb2+ 47. Kd3 Qb1+ 48. Kc4 Qxe4+ 49. Kb5 Qb1+ 50. Ka6 Qb3 51. Kb7 a3 52. Ka6 a2 53. Kb7 a1=Q 54. Kb8 Qb4 55. Kb7 Qg7+ 56. Ka6 Qa4+ 57. Kxb6 Qe5 58. Kb7 Qb4+ 59. Ka6 Qea5# 0-1


[Site "https://www.chess.com"]

[Event "Titled Tuesday Blitz May 16 Early 2023"]
[White "Munkhgal, Gombosuren"]
[Black "Pandey Srishti"]
[WhiteFideId "4901266"]
[BlackFideId "35093290"]
[WhiteElo "2528"]
[BlackElo "2123"]
[Result "1-0"]
[Round "03"]
[TimeControl "180+2"]
[Date "2023.05.16"]
[WhiteClock "0:00:32"]
[BlackClock "0:00:02"]

1. d4 Nf6 2. c4 d6 3. Nc3 Nbd7 4. g3 e5 5. Nf3 c6 6. Bg2 Be7 7. O-O e4 8. Ng5 d5 9. cxd5 cxd5 10. h4 O-O 11. Nh3 a6 12. Nf4 Nb6 13. a4 Bg4 14. a5 Nc4 15. Qa4 Rc8 16. Re1 Bd7 17. Qa2 Bg4 18. Qa4 Bd7 19. Qa2 Bg4 20. f3 Bf5 21. g4 Bxg4 22. fxg4 Nxg4 23. Ncxd5 Bxh4 24. Rf1 Bg3 25. Qb3 Bh2+ 26. Kh1 Qh4 27. Qh3 Qg5 28. Nh5 Qxd5 29. Qxg4 g6 30. Nf6+ Kg7 31. Nxd5 1-0


[Site "https://www.chess.com"]

[Event "Titled Tuesday Blitz May 16 Early 2023"]
[White "Raahul V S"]
[Black "Rottenwohrer Suarez, Juan"]
[WhiteFideId "25035525"]
[BlackFideId "32068182"]
[WhiteElo "2190"]
[BlackElo "2174"]
[Result "1-0"]
[Round "03"]
[TimeControl "180+2"]
[Date "2023.05.16"]
[WhiteClock "0:01:37"]
[BlackClock "0:00:00"]

1. c4 Nf6 2. Nc3 g6 3. e4 d6 4. g3 c5 5. Bg2 Bg7 6. Nge2 O-O 7. O-O Nc6 8. d3 Rb8 9. h3 a6 10. Be3 b5 11. Qd2 bxc4 12. dxc4 Ne5 13. b3 Bxh3 14. f4 Bxg2 15. fxe5 Nxe4 16. Nxe4 Bxe4 17. Rae1 Bxe5 18. Bh6 Bg7 19. Bxg7 Kxg7 20. Nf4 Ba8 21. Nh5+ gxh5 22. Qg5+ Kh8 23. Rxe7 Rg8 24. Qf6+ Rg7 25. Rf5 Be4 26. Rxe4 Qxf6 27. Rxf6 Rxg3+ 28. Kf2 Rbg8 29. Rxf7 Rg2+ 30. Kf1 Rg1+ 31. Kf2 R8g2+ 32. Kf3 Rf1+ 33. Kxg2 Rxf7 34. Re6 Rd7 35. Rh6 Kg7 36. Rxh5 Re7 37. Rg5+ Kf6 38. Rg8 Re2+ 39. Kf3 Rxa2 40. Rh8 Ke5 41. Rxh7 Ra3 42. Rh5+ Ke6 43. Ke4 Rxb3 44. Rh6+ Kd7 45. Rh8 Rb1 46. Ra8 1-0


[Site "https://www.chess.com"]

[Event "Titled Tuesday Blitz May 16 Early 2023"]
[White "Jakubowski, Krzysztof"]
[Black "LangesNasenhaar"]
[WhiteFideId "1112848"]
[WhiteElo "2359"]
[BlackElo "2417"]
[Result "1-0"]
[Round "03"]
[TimeControl "180+2"]
[Date "2023.05.16"]
[WhiteClock "0:00:03"]
[BlackClock "0:00:00"]

1. e4 d6 2. d4 Nf6 3. Nc3 Nbd7 4. Nge2 e5 5. f3 c6 6. Be3 b5 7. Qd2 b4 8. Nd1 d5 9. Nf2 Qa5 10. g4 dxe4 11. fxe4 Nb6 12. b3 Bxg4 13. dxe5 Qxe5 14. Bd4 Qc7 15. e5 Nfd5 16. Nxg4 O-O-O 17. O-O-O Be7 18. Bh3 Kb8 19. Qe1 c5 20. Bb2 Bg5+ 21. Kb1 h5 22. Nf2 Ne3 23. Rxd8+ Rxd8 24. Ne4 Rd1+ 25. Qxd1 Nxd1 26. Rxd1 Be7 27. Nf4 c4 28. Nd6 c3 29. Bc1 Nd7 30. Nd5 Qc5 31. Nxe7 Nxe5 32. Rd5 Qg1 33. Rxe5 Qxh2 34. Rb5+ Kc7 35. Ne8+ Kd8 36. Nxg7 Qxh3 37. Ngf5 Kd7 38. Rxb4 Qf1 39. Rd4+ Ke6 40. Rd3 h4 41. Re3+ Kd7 42. Rxc3 h3 43. Nd5 h2 44. Ng3 h1=Q 45. Nxh1 Qxh1 46. Rd3 Kc8 47. Nf4 Qe4 48. a4 f5 49. Be3 Qe7 50. Kb2 a6 51. Bd4 Qb7 52. Rc3+ Kd7 53. Rc4 Qa8 54. Bc3 Ke8 55. Nd3 Kf7 56. Rc5 Kg6 57. Rc7 Qe4 58. Rg7+ Kh6 59. Rg8 f4 60. Rf8 f3 61. Bd2+ Kg7 62. Rf4 Qe7 63. Bc3+ Kg6 64. Rxf3 Qe4 65. Rf6+ Kg5 66. Rxa6 Qb7 67. Rf6 Kg4 68. a5 Qe7 69. a6 Qa7 70. Rf4+ Kg3 71. Rf6 Qc7 72. Re6 Qd7 73. Rb6 Qa7 74. Bd4 Kg4 75. Rb4 Qf7 76. a7 Qe8 77. Ra4 Qa8 78. Nc5 Kf5 79. Bc3 1-0


[Site "https://www.chess.com"]

[Event "Titled Tuesday Blitz May 16 Early 2023"]
[White "Sargissyan, Sargis"]
[Black "Bodnaruk, Anastasia"]
[WhiteFideId "13303210"]
[BlackFideId "4181751"]
[WhiteElo "2109"]
[BlackElo "2304"]
[Result "0-1"]
[Round "03"]
[TimeControl "180+2"]
[Date "2023.05.16"]
[WhiteClock "0:00:00"]
[BlackClock "0:00:02"]

1. e4 c5 2. Nf3 d6 3. d4 cxd4 4. Nxd4 Nf6 5. Nc3 a6 6. Bg5 Nbd7 7. Qe2 e6 8. O-O-O Be7 9. f4 Qc7 10. g4 b5 11. Bxf6 Nxf6 12. g5 Nd7 13. f5 Ne5 14. Bh3 b4 15. f6 bxc3 16. fxe7 Rb8 17. Nb3 cxb2+ 18. Kb1 a5 19. Rd4 Bd7 20. a4 Rb4 21. Rhd1 Rxd4 22. Rxd4 Kxe7 23. Bf1 Rb8 24. Qa6 Rc8 25. Rd2 Bxa4 26. Nd4 Bd7 27. Bb5 Rb8 28. Bxd7 Qxd7 29. Nb3 a4 30. Nc5 Qc7 31. Nxa4 Nc4 32. Rd3 Rc8 33. Nxb2 Nxb2 0-1


[Site "https://www.chess.com"]

[Event "Titled Tuesday Blitz May 16 Early 2023"]
[White "Asavasaetakul, Chawit"]
[Black "Gurevich, Dmitry"]
[WhiteFideId "6204856"]
[BlackFideId "2000407"]
[WhiteElo "1919"]
[BlackElo "2506"]
[Result "1-0"]
[Round "03"]
[TimeControl "180+2"]
[Date "2023.05.16"]
[WhiteClock "0:00:53"]
[BlackClock "0:00:51"]

1. e4 c5 2. c3 d5 3. exd5 Qxd5 4. d4 Nf6 5. Nf3 e6 6. Bd3 cxd4 7. cxd4 Nc6 8. Nc3 Qd6 9. O-O Be7 10. Qe2 O-O 11. Rd1 b6 12. Bg5 Bb7 13. Rac1 Rac8 14. Bb1 g6 15. a3 Nd5 16. Ne4 Qc7 17. Bh6 Rfd8 18. Ne5 Bf8 19. Qd2 Qe7 20. Bxf8 Rxf8 21. Qh6 f6 22. Nc4 Rcd8 23. Ba2 g5 24. Ne3 Nf4 25. d5 Ne2+ 26. Kf1 Nxc1 27. Rxc1 Ne5 28. Nf5 Qd7 29. Nxf6+ Kh8 30. Nxd7 1-0


[Site "https://www.chess.com"]

[Event "Titled Tuesday Blitz May 16 Early 2023"]
[White "wqws"]
[Black "Urbina Perez, Juan Antonio"]
[BlackFideId "2217368"]
[WhiteElo "2588"]
[BlackElo "2197"]
[Result "1-0"]
[Round "03"]
[TimeControl "180+2"]
[Date "2023.05.16"]
[WhiteClock "0:00:46"]
[BlackClock "0:00:14"]

1. e4 d5 2. exd5 Qxd5 3. Nc3 Qd8 4. d4 Nf6 5. Nf3 Bg4 6. h3 Bxf3 7. Qxf3 c6 8. Be3 e6 9. O-O-O Bb4 10. Ne4 Nxe4 11. Qxe4 Qd5 12. Qxd5 cxd5 13. c3 Bd6 14. Bd3 O-O 15. f4 Nc6 16. Kb1 Rab8 17. g4 b5 18. b4 a5 19. a3 a4 20. h4 Rfd8 21. h5 f6 22. h6 g6 23. f5 exf5 24. gxf5 g5 25. Bd2 Re8 26. Rde1 Na7 27. Re6 Rxe6 28. fxe6 Re8 29. Bf5 Nc8 30. Bd3 Na7 31. Re1 Re7 32. Kc2 Rb7 33. Kd1 Nc8 34. Rf1 Be7 35. Rf5 Nd6 36. Rxd5 Rb6 37. Rc5 Rb7 38. Rc6 f5 39. Bxg5 Bxg5 40. Rxd6 Kf8 41. Bxf5 Bxh6 42. Rd7 Rxd7 43. exd7 Ke7 44. Bd3 Kxd7 45. Bxb5+ Kd6 46. Bd3 Be3 47. Bxh7 Kd5 48. Bd3 Bg5 49. Bb5 Bf4 50. Bxa4 Kc4 51. Kc2 Bg3 52. Bb3+ Kb5 53. c4+ Kc6 54. d5+ Kd6 55. c5+ Kc7 56. b5 Bf2 57. c6 Bc5 58. a4 Bb6 59. Kd3 Kd6 60. Kc4 Ba5 61. Kd4 Bb6+ 62. Ke4 Ba5 63. Kf5 Bd8 64. Kg6 Ke7 65. Ba2 Bc7 66. Kf5 Kd6 67. Kf6 Bd8+ 68. Kf7 Bc7 69. Ke8 Bb6 70. Kf7 Bc7 71. Kf6 Bb6 72. Kf5 Bc7 73. Ke4 Bb6 74. Kd3 Kc5 75. Bb3 Bc7 76. Ke4 Kd6 77. Kd4 Bb6+ 78. Kc4 Ba5 79. Bc2 Kc7 80. Kc5 Bb6+ 81. Kb4 Kd6 82. a5 Bf2 83. Kc4 Be1 84. b6 Bxa5 85. c7 1-0


[Site "https://www.chess.com"]

[Event "Titled Tuesday Blitz May 16 Early 2023"]
[White "Fikiet, Alex"]
[Black "Hnydiuk, Aleksander"]
[WhiteFideId "2052717"]
[BlackFideId "1109057"]
[WhiteElo "2398"]
[BlackElo "2374"]
[Result "1/2-1/2"]
[Round "03"]
[TimeControl "180+2"]
[Date "2023.05.16"]
[WhiteClock "0:00:12"]
[BlackClock "0:00:09"]

1. e4 Nf6 2. e5 Nd5 3. d4 d6 4. Nf3 dxe5 5. Nxe5 c6 6. c4 Nf6 7. Be3 Bf5 8. Nc3 Nbd7 9. Be2 e6 10. O-O Bd6 11. Nd3 O-O 12. Rc1 Rc8 13. Qb3 Qc7 14. h3 e5 15. c5 Be7 16. dxe5 Ne4 17. Nxe4 Bxe4 18. f4 Bd5 19. Qc3 f6 20. Bd4 Rfe8 21. Bg4 Rcd8 22. e6 Nf8 23. f5 Qg3 24. Nf4 Qxc3 25. bxc3 Bxa2 26. Ra1 Bc4 27. Rfb1 Ba6 28. Be2 Bxe2 29. Nxe2 Rd5 30. Rxb7 Rxf5 31. Raxa7 Ng6 32. Rc7 Bf8 33. Ng3 Rxc5 34. Bxc5 Bxc5+ 35. Kh2 Bxa7 36. Rxa7 Rxe6 37. Nf5 Nf4 38. Rxg7+ Kf8 39. g4 Re2+ 40. Kg3 Ne6 41. Rxh7 Rc2 42. Rh8+ Kf7 43. Rh7+ Kf8 44. Rh8+ Kf7 45. Rh7+ Kf8 1/2-1/2


[Site "https://www.chess.com"]

[Event "Titled Tuesday Blitz May 16 Early 2023"]
[White "Weishaeutel, Moritz"]
[Black "Tarasova, Viktoriya"]
[WhiteFideId "12967300"]
[BlackFideId "4175840"]
[WhiteElo "2301"]
[BlackElo "2182"]
[Result "1-0"]
[Round "03"]
[TimeControl "180+2"]
[Date "2023.05.16"]
[WhiteClock "0:02:45"]
[BlackClock "0:00:46"]

1. e4 e5 2. Nf3 Nc6 3. Bc4 Bc5 4. c3 Nf6 5. d4 exd4 6. cxd4 Bb4+ 7. Nc3 Nxe4 8. O-O Bxc3 9. d5 Bf6 10. Re1 Ne7 11. Rxe4 d6 12. Bg5 Bxg5 13. Nxg5 h6 14. Qa4+ Bd7 15. Qb3 O-O 16. Rae1 Ng6 17. Ne6 Re8 18. Nxd8 1-0


[Site "https://www.chess.com"]

[Event "Titled Tuesday Blitz May 16 Early 2023"]
[White "Isajevsky, Anton"]
[Black "Gutkin, Ilya"]
[WhiteFideId "4142500"]
[BlackFideId "16203470"]
[WhiteElo "2510"]
[BlackElo "2265"]
[Result "1-0"]
[Round "03"]
[TimeControl "180+2"]
[Date "2023.05.16"]
[WhiteClock "0:00:08"]
[BlackClock "0:00:00"]

1. c4 c5 2. Nc3 g6 3. Nf3 Bg7 4. e3 Nf6 5. d4 cxd4 6. exd4 d5 7. Bg5 dxc4 8. Bxc4 O-O 9. O-O a6 10. Re1 b5 11. Bb3 Bb7 12. Qe2 Re8 13. Rad1 Nc6 14. Bxf7+ Kxf7 15. d5 Qc8 16. dxc6 Bxc6 17. Ne5+ Kf8 18. Rd4 Qb7 19. Rh4 Rad8 20. Bh6 a5 21. f3 b4 22. Nd1 Bb5 23. Qe3 Qd5 24. Nf2 Qe6 25. Bxg7+ Kxg7 26. Qh6+ Kg8 27. h3 Rd5 28. Nfg4 Qb6+ 29. Kh2 Rxe5 30. Rxe5 1-0


[Site "https://www.chess.com"]

[Event "Titled Tuesday Blitz May 16 Early 2023"]
[White "Matveeva, Olga"]
[Black "SashaKuzhilniy"]
[WhiteFideId "24107018"]
[WhiteElo "2009"]
[BlackElo "2579"]
[Result "0-1"]
[Round "03"]
[TimeControl "180+2"]
[Date "2023.05.16"]
[WhiteClock "0:00:03"]
[BlackClock "0:00:29"]

1. d4 Nf6 2. c4 e5 3. dxe5 Ng4 4. Nf3 Bc5 5. e3 Nc6 6. Nc3 O-O 7. Be2 Ngxe5 8. Nxe5 Nxe5 9. O-O Re8 10. b3 a5 11. Na4 Bf8 12. Bb2 Ra6 13. f4 Rd6 14. Qc2 Nc6 15. c5 Rh6 16. Rf3 d5 17. cxd6 Qh4 18. h3 Bxd6 19. Qc3 Rg6 20. Kh1 Bg4 21. Rd1 Bxf3 22. Bxf3 Ne7 23. Nc5 Nf5 24. e4 Qxf4 25. Kg1 Qh2+ 26. Kf2 Qg3+ 27. Kg1 Nh4 28. e5 Nxf3+ 0-1


[Site "https://www.chess.com"]

[Event "Titled Tuesday Blitz May 16 Early 2023"]
[White "Bogaudinov, Rushan"]
[Black "Gatineau, Yovann"]
[WhiteFideId "4129288"]
[BlackFideId "26028999"]
[WhiteElo "1941"]
[BlackElo "2258"]
[Result "1-0"]
[Round "03"]
[TimeControl "180+2"]
[Date "2023.05.16"]
[WhiteClock "0:00:35"]
[BlackClock "0:00:00"]

1. e4 c6 2. d4 d5 3. e5 Bf5 4. c4 e6 5. Nc3 Ne7 6. a3 Nd7 7. c5 h5 8. b4 h4 9. h3 Ng6 10. Nf3 Be7 11. Bd3 Rh5 12. Be3 f6 13. exf6 Bxf6 14. O-O Bxd3 15. Qxd3 Kf7 16. Qe2 Qh8 17. b5 e5 18. bxc6 bxc6 19. Rab1 exd4 20. Nxd4 Re8 21. Nxc6 Bxc3 22. Rb7 Ne5 23. Nxe5+ Rhxe5 24. Rxd7+ Kg8 25. Rxa7 Qh7 26. c6 Qe4 27. c7 Rg5 28. f4 Rxg2+ 29. Qxg2 Qxe3+ 30. Kh1 Qxa7 31. Qxd5+ Kf8 32. Qc4 Bf6 33. c8=Q Rxc8 34. Qxc8+ Kf7 35. Qc4+ Kf8 36. Rd1 Qxa3 37. Rd3 Qa1+ 38. Kg2 Qb2+ 39. Kf3 Qh2 40. Kg4 Qg2+ 41. Kf5 Qb7 42. Qc5+ Kg8 43. Qd5+ Qxd5+ 44. Rxd5 Kf7 45. Rd7+ Ke8 46. Rb7 Kf8 47. Kg6 Ke8 48. f5 Kf8 49. Rf7+ Kg8 50. Rd7 Kf8 51. Rb7 Ke8 52. Rxg7 1-0


[Site "https://www.chess.com"]

[Event "Titled Tuesday Blitz May 16 Early 2023"]
[White "Fernandez Siles, Luis"]
[Black "Potkin, Vladimir"]
[WhiteFideId "2209420"]
[BlackFideId "4131061"]
[WhiteElo "2195"]
[BlackElo "2474"]
[Result "0-1"]
[Round "03"]
[TimeControl "180+2"]
[Date "2023.05.16"]
[WhiteClock "0:00:00"]
[BlackClock "0:00:31"]

1. e4 c5 2. Nf3 e6 3. c3 Nf6 4. e5 Nd5 5. Bc4 Nc6 6. O-O d6 7. d4 cxd4 8. cxd4 Be7 9. Qe2 O-O 10. Bd2 a6 11. Nc3 Nxc3 12. Bxc3 b5 13. Bd3 Bb7 14. Qe4 g6 15. exd6 Qxd6 16. Qe3 Bf6 17. Rad1 b4 18. Be1 Nxd4 19. Be4 Bxe4 20. Qxe4 Rad8 21. Kh1 a5 22. h4 Qd5 23. Qf4 Qf5 24. Qxf5 Nxf5 25. Bd2 Bxb2 26. Bg5 f6 27. Be3 Nxe3 28. fxe3 e5 29. Nd2 a4 0-1


[Site "https://www.chess.com"]

[Event "Titled Tuesday Blitz May 16 Early 2023"]
[White "Melikhov, Evgeny V."]
[Black "HamedWafa4"]
[WhiteFideId "4122046"]
[WhiteElo "2158"]
[BlackElo "2576"]
[Result "0-1"]
[Round "03"]
[TimeControl "180+2"]
[Date "2023.05.16"]
[WhiteClock "0:00:08"]
[BlackClock "0:00:18"]

1. d4 Nf6 2. c4 e6 3. Nc3 Bb4 4. Qc2 O-O 5. e4 d6 6. e5 dxe5 7. dxe5 Ng4 8. Nf3 Nc6 9. Bf4 Nd4 10. Qd2 Bc5 11. Ne4 Bb4 12. Nc3 Bc5 13. Ne4 Nxf3+ 14. gxf3 Qxd2+ 15. Bxd2 Nxe5 16. Nxc5 b6 17. Ne4 Nxf3+ 18. Ke2 Nd4+ 19. Kd3 Rd8 20. Kc3 f5 21. Ng5 h6 22. Nh3 Bb7 23. Bd3 Bxh1 24. Rxh1 e5 25. Be3 c5 26. f4 e4 27. Bb1 Kf7 28. Re1 a6 29. Ng1 Rac8 30. a3 b5 31. b3 a5 32. a4 b4+ 33. Kb2 Kf6 34. Bc2 g5 35. Bd1 Rd7 36. Bc2 Rcd8 37. h4 gxh4 38. Nh3 Nf3 39. Rf1 Rc8 40. Nf2 Rg7 41. Nxe4+ fxe4 42. Bxe4 Nd4 43. Bd2 Rg3 44. Rd1 Rxb3+ 45. Ka2 Ra3+ 46. Kb2 Re8 47. Bb1 Re2 48. Kc1 Nb3+ 49. Kc2 Nxd2 50. Rxd2 Rc3+ 51. Kd1 Rxd2+ 52. Kxd2 Rxc4 53. Bd3 Rd4 54. Ke3 Rxd3+ 55. Kxd3 Kf5 56. Ke3 b3 0-1


[Site "https://www.chess.com"]

[Event "Titled Tuesday Blitz May 16 Early 2023"]
[White "Skaric, Djuro"]
[Black "Ibadov, Dashgyn"]
[WhiteFideId "934569"]
[BlackFideId "24107514"]
[WhiteElo "2282"]
[BlackElo "2208"]
[Result "0-1"]
[Round "03"]
[TimeControl "180+2"]
[Date "2023.05.16"]
[WhiteClock "0:00:21"]
[BlackClock "0:01:19"]

1. g3 d5 2. Bg2 Nf6 3. d3 c5 4. Nf3 Nc6 5. O-O g6 6. Nc3 Bg7 7. e4 e6 8. h3 O-O 9. g4 a6 10. a4 Nb4 11. Bf4 Nd7 12. Nd2 e5 13. Bg3 d4 14. Nd5 Bh6 15. Nxb4 cxb4 16. Nc4 Qg5 17. a5 Qe7 18. h4 Bf4 19. g5 Nc5 20. Nb6 Rb8 21. Nxc8 Rbxc8 22. Qf3 Qd6 23. b3 Ne6 24. Bh3 Rxc2 25. Bxf4 Nxf4 26. Bg4 Rc3 27. Rfd1 Rxb3 28. Rac1 Rc3 29. Rb1 Qc5 30. h5 Qxa5 31. h6 Qc5 32. Kh2 Qe7 33. Rb2 a5 34. Ra2 b6 0-1


[Site "https://www.chess.com"]

[Event "Titled Tuesday Blitz May 16 Early 2023"]
[White "Llanos, Guillermo"]
[Black "Al-Tarboush, Ward"]
[WhiteFideId "100358"]
[BlackFideId "7601450"]
[WhiteElo "2225"]
[BlackElo "2265"]
[Result "0-1"]
[Round "03"]
[TimeControl "180+2"]
[Date "2023.05.16"]
[WhiteClock "0:00:43"]
[BlackClock "0:02:12"]

1. Nf3 Nf6 2. b3 c5 3. Bb2 Nc6 4. g3 d6 5. Bg2 e5 6. O-O h6 7. c4 e4 8. Ne1 Bf5 9. Nc2 Be7 10. Ne3 Bg6 11. Nc3 O-O 12. Qb1 Nd4 13. Re1 Re8 14. Nxe4 Bf8 15. Nxf6+ Qxf6 16. d3 Bh5 17. Nd5 Qd8 18. Bxd4 cxd4 19. Nf4 Bg4 20. Bxb7 g5 21. Bxa8 gxf4 22. Bf3 f5 23. Qc1 fxg3 24. hxg3 Qf6 25. Qf4 h5 26. Bd5+ Kh8 27. f3 Bh6 28. fxg4 Bxf4 29. gxf4 Qh4 30. gxf5 Qg3+ 31. Kf1 Qxf4+ 32. Bf3 Rg8 0-1


[Site "https://www.chess.com"]

[Event "Titled Tuesday Blitz May 16 Early 2023"]
[White "Hajiyev, Kanan"]
[Black "Jakic, Ivan"]
[WhiteFideId "13404148"]
[BlackFideId "14504901"]
[WhiteElo "2103"]
[BlackElo "2370"]
[Result "1-0"]
[Round "03"]
[TimeControl "180+2"]
[Date "2023.05.16"]
[WhiteClock "0:00:16"]
[BlackClock "0:00:28"]

1. d4 Nf6 2. Nf3 e6 3. c4 Nc6 4. Nc3 Bb4 5. a3 Bxc3+ 6. bxc3 d6 7. Qc2 Qe7 8. e4 e5 9. d5 Nb8 10. Bg5 Nbd7 11. a4 h6 12. Be3 b6 13. a5 Rb8 14. axb6 axb6 15. Bd3 O-O 16. O-O Ng4 17. Bd2 Nc5 18. h3 Nf6 19. Be3 Nh5 20. Ra7 Nxd3 21. Qxd3 f5 22. Qb1 fxe4 23. Nd2 Bf5 24. Nxe4 Nf6 25. Nxf6+ Qxf6 26. Qb5 Qg6 27. Kh2 Bd3 28. Rfa1 Be4 29. Rg1 Rf7 30. Qc6 Rc8 31. Bxb6 Qf5 32. Be3 Rf6 33. Rxc7 Rxc7 34. Qxc7 Rg6 35. c5 Bxd5 36. cxd6 Qe4 37. g4 Qc4 38. Qxc4 Bxc4 39. Rd1 Bb5 40. d7 Bxd7 41. Rxd7 Rc6 42. Rd3 Kf7 43. f3 Ke6 44. Kg3 Rc4 45. Kf2 g5 46. Ke2 Ra4 47. Bd2 Ra1 48. Be1 Ra2+ 49. Rd2 Ra3 50. Rc2 Kd5 51. c4+ Kc6 52. Bf2 Ra1 53. h4 Rh1 54. hxg5 hxg5 55. Be3 Rh2+ 56. Kd3 Rh3 57. Ke4 Rh8 58. Bxg5 Re8 59. Bf6 Re6 60. Bxe5 Re8 61. g5 Rf8 62. g6 Rg8 63. g7 Rxg7 64. Bxg7 1-0


[Site "https://www.chess.com"]